 Dungeon Crawl Stone Soup version 0.30-a0-808-g6e0788376e (webtiles) character file.

Game seed: 10323693268964969647

8345 Nacht the Thaumaturge (level 11, 0/74 HPs)
             Began as a Meteoran Earth Elementalist on Feb 27, 2023.
             Was a Priest of Kikubaaqudgha.
             Killed from afar by an orc wizard (7 damage)
             ... with a magic dart
             ... on level 10 of the Dungeon.
             The game lasted 00:16:51 (5922 turns).

Nacht the Thaumaturge (Meteoran Earth Elementalist) Turns: 5922, Time: 00:16:52

Health: 0/74       AC:  6    Str: 10    XL:     11   Next: 83%
Magic:  3/28       EV: 12    Int: 33    God:    Kikubaaqudgha [***...]
Gold:   592        SH:  0    Dex: 15    Spells: 12/35 levels left

rFire   . . .      SeeInvis .    g - +1 whip (freeze)
rCold   . . .      Faith    .    (no shield)
rNeg    . . .      Spirit   .    a - +0 robe
rPois   .          Reflect  .    (no helmet)
rElec   .          Harm     .    k - +0 cloak {Will+}
rCorr   .          Rampage  .    d - +2 pair of gloves
Will    ++...                    (no boots)
Stlth   +                        I - amulet of magic regeneration
HPRegen 0.32/turn                J - +6 ring of intelligence
MPRegen 0.61/turn                D - +6 ring of intelligence

@: glowing
A: sense surroundings 2, otherworldly, glowing, explore regen
a: Renounce Religion, Unearth Wretches


You were on level 10 of the Dungeon.
You worshipped Kikubaaqudgha.
Kikubaaqudgha was most pleased with you.
You visited 2 branches of the dungeon, and saw 11 of its levels.
You also visited: Bailey.

You collected 592 gold pieces.

Inventory:

Hand Weapons
 g - a +1 whip of freezing (weapon)
 j - a +0 dagger
Missiles
 z - a throwing net
Armour
 a - a +0 robe (worn)
 d - a +2 pair of gloves (worn)
 k - a +0 cloak of willpower (worn)
Jewellery
 e - a +5 ring of evasion
 n - a +5 ring of evasion
 o - an amulet of guardian spirit
 s - a ring of positive energy
 D - a +6 ring of intelligence (right hand)
 H - a ring of positive energy
 I - an amulet of magic regeneration (around neck)
 J - a +6 ring of intelligence (left hand)
Wands
 b - a wand of polymorph (19)
 t - a wand of paralysis (26)
 A - a wand of flame (9)
 M - a wand of acid (3)
Scrolls
 c - 6 scrolls of teleportation {unknown}
 f - 5 scrolls of poison {unknown}
 h - a scroll of magic mapping {unknown}
 i - 2 scrolls of noise {unknown}
 m - a scroll of acquirement {unknown}
 p - 2 scrolls of amnesia {unknown}
 r - 2 scrolls of silence {unknown}
 v - 2 scrolls of summoning
 x - a scroll of blinking
 y - 3 scrolls of fog {unknown}
 B - a scroll of torment
 E - 2 scrolls of vulnerability {unknown}
 F - a scroll of enchant weapon
 K - a scroll of fear {unknown}
 L - a scroll of identify
Potions
 l - 2 potions of flight
 q - a potion of attraction
 u - 2 potions of degeneration
 w - 2 potions of curing
 C - 2 potions of might
 G - a potion of mutation


   Skills:
 - Level 2.4 Dodging
 - Level 1.4 Stealth
 + Level 12.7 Spellcasting
 - Level 2.0 Conjurations
 + Level 11.5 Necromancy
 - Level 1.2 Transmutations
 + Level 7.5 Ice Magic
 - Level 7.0 Earth Magic


You had 12 spell levels left.
You knew the following spells:

 Your Spells              Type           Power      Damage    Failure   Level
a - Borgnjor's Vile Clut  Necr/Erth      35%        N/A       1%          5
b - Stone Arrow           Conj/Erth      100%       3d13      1%          3
c - Sandblast             Erth           100%       2d20      1%          1
d - Simulacrum            Ice/Necr       35%        N/A       7%          6
s - Anguish               Hex/Necr       28%        N/A       1%          4
t - Sublimation of Blood  Necr           77%        N/A       1%          2
w - Passwall              Tmut/Erth      40%        N/A       1%          2

Your spell library contained the following spells:

 Spells                   Type           Power      Damage    Failure   Level
 Kiss of Death            Conj/Necr      100%       2d13      1%          1
 Necrotise                Necr           100%       1d9       1%          1
 Cigotuvi's Dreadful Rot  Necr/Pois/Air  92%        N/A       1%          2
 Dispel Undead            Necr           77%        3d25      1%          4
 Agony                    Necr           77%        N/A       1%          5
 Petrify                  Tmut/Erth      48%        N/A       4%          4
 Confusing Touch          Hex            20%        N/A       6%          3
 Vhi's Electric Charge    Tloc/Air       40%        N/A       6%          3
 Arcjolt                  Conj/Air       13%        1d23      36%         5
 Alistair's Intoxication  Tmut/Pois      16%        N/A       43%         5
 Eringya's Noxious Bog    Tmut/Pois      12%        N/A       95%         6
 Maxwell's Capacitive Co  Air            10%        ∞         100%        8


Dungeon Overview and Level Annotations

Branches:
Dungeon (10/15) Zot: 451   Temple (1/1) D:4 Zot: 571    Lair (0/5) D:9
 Bailey (visited)
    Orc: D:9-12

Altars:
Ashenzari
Cheibriados
Dithmenos
Elyvilon
Gozag
Hepliaklqana
Kikubaaqudgha
Makhleb
Nemelex Xobeh
Qazlal
Ru
Sif Muna
Trog
Uskayaw
Vehumet
Wu Jian
Xom
Yredelemnul
Zin

Shops:
D:3 =

Annotations:
D:7 3 runed translucent doors, 2 transporters, Nabski's ghost, novice TeFE
D:10 exclusion: ice statue


Innate Abilities, Weirdness & Mutations

You passively map the area around you.
You are easily found by Zot.
You glow in the dark.
You regain HP and MP as you explore.


Message History

An orc comes into view. It is wielding a +0 dagger.
The zombie hands constrict the orc priest!
You kill the orc priest!
Kikubaaqudgha accepts your kill.
Something hits your orc priest simulacrum.
The orc wizard mumbles some strange words.
The orc wizard flickers and vanishes!
Deactivating autopickup; reactivate with Ctrl-A.
Casting: Borgnjor's Vile Clutch (dangerous; 1% risk of failure)
Confirm with . or Enter, or press ? or * to list all spells.
You can't see any susceptible monsters within range! (Use Z to cast anyway.)
A puff of flame appears from out of thin air!
The puff of flame misses you.
An orc is nearby!
Casting: Borgnjor's Vile Clutch (dangerous; 1% risk of failure)
Confirm with . or Enter, or press ? or * to list all spells.
Aiming: Borgnjor's Vile Clutch (dangerous; 1% risk of failure)
Press: ? - help, Shift-Dir - straight line Nothing appears to happen.
Something hits you.
* * * LOW HITPOINT WARNING * * *
Casting: Borgnjor's Vile Clutch (dangerous; 1% risk of failure)
Confirm with . or Enter, or press ? or * to list all spells.
Aiming: Borgnjor's Vile Clutch (dangerous; 1% risk of failure)
Press: ? - help, Shift-Dir - straight line, f - orc
Aim: an orc, wielding a +0 dagger and wearing a +0 leather armour (100% to hit)
Zombie hands grab the orc.
The zombie hands constrict the orc!
You kill the orc!
Kikubaaqudgha accepts your kill.
You hear some strange, mumbled words.
A magic dart appears from out of thin air!
The magic dart hits you.
* * * LOW HITPOINT WARNING * * *
Something hits you.
* * * LOW HITPOINT WARNING * * *
A magic dart appears from out of thin air!
The magic dart hits you!
You die...
Kikubaaqudgha rasps: "You have failed me!
Welcome... death!"

♣♣.♣##..###...###..#..###....#*
...♣#...## #..#.#.###..#.....#
♣♣+♣.....####..#..# #........#
...###.....##....####........##).
..## ##Z.........##..........Z..#
..# #..#......#....#.......##)o#
..# #..##.....#.......)##..# ##.
..####Z###..##..#.{....####..#
...##.Z###.##...@...)).# *#..#*
#..#...##......###.#..........# ,
.......#..##...# #.##...........
##.......####..###.#....#.......
##.....#(##.#..##..#.....#.. ,
#...#..###..........##.## .*
##.###..#...........# .# * * #..#
#......#.....## *
###..####...##.#.....#.., ,


There were no monsters in sight!

Vanquished Creatures
  A two-headed ogre (D:10)
  Pikel (D:4)
  An orc knight (Bailey)
  Joseph (D:8)
  A gargoyle (D:9)
  A kobold demonologist (D:9)
  A troll (D:10)
  7 yaks
  A wyvern (D:9)
  A wraith (D:8)
  A steam dragon (D:7)
  Duvessa (D:4)
  3 water moccasins
  13 orc warriors
  2 black bears (D:7)
  A sky beast (D:7)
  2 ice beasts
  4 ogres
  A centaur (D:8)
  3 phantoms
  A lemure (D:4)
  A kobold brigand (D:6)
  A gnoll sergeant (D:9)
  2 scorpions (D:4)
  A necrophage (D:4)
  5 wights (D:8)
  Dowan (D:4)
  4 howler monkeys
  5 hounds
  A jelly (D:6)
  5 orc priests
  An iguana (D:4)
  7 orc wizards
  Terence (D:3)
  Ijyb (D:4)
  Robin (D:3)
  7 gnolls
  2 adders
  A white imp (D:8)
  4 worms
  3 dart slugs
  34 orcs
  5 endoplasms
  3 giant cockroaches
  18 goblins
  9 hobgoblins
  5 jackals
  2 quokkas
  8 ball pythons
  4 bats
  3 frilled lizards
  12 kobolds
  3 rats
208 creatures vanquished.

Vanquished Creatures (collateral kills)
  An acid dragon (D:10)
  2 orcs (D:10)
  A hobgoblin (D:10)
4 creatures vanquished.

Vanquished Creatures (others)
  A fungus (D:9)
  A plant (D:9)
2 creatures vanquished.

Grand Total: 214 creatures vanquished

Notes
Turn   | Place    | Note
-------+----------+-------------------------------------------
     0 | D:1      | Nacht the Meteoran Earth Elementalist began the quest for
                  | the Orb.
     0 | D:1      | Reached XP level 1. HP: 14/14 MP: 5/5
    73 | D:1      | Reached XP level 2. HP: 20/20 MP: 3/6
   221 | D:1      | You fall into a shaft and drop 1 floor!
   236 | D:2      | Reached XP level 3. HP: 26/26 MP: 6/8
   552 | D:1      | Reached skill level 5 in Earth Magic
   936 | D:2      | Reached XP level 4. HP: 33/33 MP: 5/9
  1072 | D:2      | Glimpsed the power of Zot.
  1092 | D:3      | Noticed an ice beast
  1097 | D:3      | Killed an ice beast
  1098 | D:3      | Reached XP level 5. HP: 25/38 MP: 5/10
  1104 | D:3      | Learned a level 3 spell: Stone Arrow
  1107 | D:3      | Learned a level 2 spell: Passwall
  1112 | D:3      | Found Buqanes's Jewellery Shop.
  1357 | D:3      | Reached XP level 6. HP: 45/45 MP: 7/11
  1373 | D:3      | Reached skill level 3 in Spellcasting
  1377 | D:3      | Noticed Robin
  1379 | D:3      | Reached skill level 1 in Conjurations
  1386 | D:3      | Killed Robin
  1387 | D:3      | Reached skill level 1 in Necromancy
  1544 | D:3      | Noticed Terence
  1551 | D:3      | Killed Terence
  1616 | D:3      | Found a sacrificial altar of Ru.
  1650 | D:3      | Glimpsed the power of Zot.
  1681 | D:4      | Noticed Duvessa
  1681 | D:4      | Noticed Dowan
  1689 | D:4      | Killed Duvessa
  1690 | D:4      | Reached XP level 7. HP: 13/50 MP: 1/13
  1694 | D:4      | Noticed Ijyb
  1702 | D:4      | Paralysed by Ijyb for 3 turns
  1706 | D:4      | Killed Dowan
  1707 | D:4      | Reached skill level 4 in Spellcasting
  1709 | D:4      | Killed Ijyb
  1842 | D:4      | Reached skill level 5 in Spellcasting
  1961 | D:4      | Reached XP level 8. HP: 57/57 MP: 9/17
  2154 | D:4      | Noticed Pikel
  2174 | D:4      | Killed Pikel
  2175 | D:4      | Reached skill level 7 in Spellcasting
  2175 | D:4      | Gained mutation: You passively map the area around you.
                  | [Meteoran growth]
  2175 | D:4      | Reached XP level 9. HP: 33/62 MP: 0/21
  2210 | D:4      | Found a staircase to the Ecumenical Temple.
  2216 | Temple   | Entered the Ecumenical Temple
  2265 | D:4      | Glimpsed the power of Zot.
  2315 | D:4      | Glimpsed the power of Zot.
  2344 | D:5      | Entered Level 5 of the Dungeon
  2404 | D:5      | Found an ancient bone altar of Kikubaaqudgha.
  2416 | D:5      | Became a worshipper of Kikubaaqudgha
  2454 | D:5      | Found a radiant altar of Vehumet.
  2475 | D:5      | Learned a level 5 spell: Borgnjor's Vile Clutch
  2598 | D:5      | Found a shimmering altar of Xom.
  2688 | D:6      | Reached skill level 8 in Spellcasting
  2851 | D:5      | Found a stormy altar of Qazlal.
  2862 | D:6      | Reached * piety under Kikubaaqudgha
  2862 | D:6      | Received a gift from Kikubaaqudgha
  2910 | D:6      | Found a shimmering blue altar of Sif Muna.
  2957 | D:6      | Reached skill level 9 in Spellcasting
  2963 | D:6      | Learned a level 2 spell: Sublimation of Blood
  3278 | D:7      | Found a runed translucent gate.
  3316 | D:7      | Reached XP level 10. HP: 69/69 MP: 15/24
  3356 | D:7      | Found a runed translucent gate.
  3357 | D:7      | Found a runed translucent gate.
  3360 | D:7      | Noticed Nabski's ghost (novice TeFE)
  3416 | D:7      | Found a transporter.
  3434 | D:7      | Found a transporter.
  3452 | D:7      | Found a bloodstained altar of Trog.
  3469 | D:7      | Reached skill level 1 in Ice Magic
  3499 | D:7      | Reached skill level 10 in Spellcasting
  3514 | D:7      | Found a flagged portal.
  3879 | Bailey   | Entered a bailey
  3977 | Bailey   | Reached ** piety under Kikubaaqudgha
  3993 | Bailey   | Noticed an orc knight
  4014 | Bailey   | Killed an orc knight
  4131 | Bailey   | Reached skill level 11 in Spellcasting
  4399 | D:8      | Reached skill level 10 in Necromancy
  4451 | D:8      | Noticed Joseph
  4458 | D:8      | Killed Joseph
  4459 | D:8      | Reached skill level 5 in Ice Magic
  4487 | D:8      | Found a hazy altar of Hepliaklqana.
  4508 | D:8      | Reached XP level 11. HP: 74/74 MP: 21/27
  5087 | D:8      | Glimpsed the power of Zot.
  5137 | D:8      | Glimpsed the power of Zot.
  5177 | D:8      | Glimpsed the power of Zot.
  5230 | D:9      | Reached skill level 12 in Spellcasting
  5363 | D:9      | Reached *** piety under Kikubaaqudgha
  5363 | D:9      | Received a gift from Kikubaaqudgha
  5378 | D:9      | Learned a level 6 spell: Simulacrum
  5383 | D:9      | Learned a level 4 spell: Anguish
  5394 | D:9      | Found a glowing silver altar of Zin.
  5446 | D:9      | Found a staircase to the Lair.
  5545 | D:10     | Entered Level 10 of the Dungeon
  5620 | D:10     | Found a sparkling altar of Nemelex Xobeh.
  5768 | D:10     | Noticed a two-headed ogre
  5772 | D:10     | Killed a two-headed ogre
  5840 | D:10     | Noticed an ice statue
  5840 | D:10     | Found the +3 robe of Clouds {*Thunder rCloud rElec}
  5905 | D:10     | HP: 2/74 [orc wizard/magic dart (4)]
  5922 | D:10     | Killed from afar by an orc wizard

Illustrated notes

Levels and vault maps discovered:
D:1:      tarquinn_simple_flora_water_b, layout_rooms, roderic_roman_lattice,
          chequers_serial_rivers_small_3, hangedman_feature_mirror
D:2:      layout_loops_ring
D:3:      layout_loops_ring, old_standard_altar, serial_shops, shop_statue,
          kennysheep_small_spiral, uniq_terence, uniq_robin
D:4:      layout_loops_ring, minmay_temple_entry_nine_rooms,
          minmay_strange_pillars, uniq_pikel, uniq_ijyb, uniq_duvessa
D:5:      layout_loops_ring, mainiacjoe_overflow_24_doors, tso_altar,
          nicolae_kikubaaqudgha_miasma_corner, okawaru_altar_gauntlet_db,
          vehumet_altar_wand_db, grunt_qazlal_clouds
D:6:      layout_basic, kennysheep_orc_sif_temple
D:7:      gammafunk_steamed_eel, layout_basic, mainiacjoe_overflow_paths,
          enter_bailey_6, ebering_ghost_rock_garden
D:8:      layout_layer_cave, nicolae_hepliaklqana_hazy_memory, uniq_joseph
D:9:      layout_rooms, zin_academy, tgw_fedhas, dpeg_oklobed_lair
D:10:     layout_layer_cave, mainiacjoe_overflow_six_doors_small, erik_orc_3,
          minivault_15
Temple:   nicolae_temple_ecumenical_triangle

Skill      XL: |  1  2  3  4  5  6  7  8  9 10 11 |
---------------+----------------------------------+-----
Earth Magic    | 4 5 7 |  7.0
Spellcasting   | 3 5 7 9 11 12 | 12.7
Conjurations   | 2 |  2.0
Necromancy     | 2 4 6 8 10 11 | 11.5
Ice Magic      | 5 7 |  7.5
Dodging        | |  2.4
Stealth        | |  1.4
Transmutations | |  1.2

Action                     |  1- 3 |  4- 6 |  7- 9 | 10-12 || total
---------------------------+-------+-------+-------+-------++-------
  Melee: Dagger            |     4 |       |       |       ||     4
         Unarmed           |     1 |       |    14 |       ||    15
         Whip              |       |       |    29 |    24 ||    53
         Punch             |       |       |     1 |     1 ||     2
   Cast: Sandblast         |    50 |    51 |    39 |       ||   140
         Stone Arrow       |       |     3 |    76 |    17 ||    96
         Borgnjor's Vile C |       |       |     5 |    78 ||    83
         Simulacrum        |       |       |       |     8 ||     8
    Use: Potion            |       |     1 |     6 |     3 ||    10
         Scroll            |       |       |       |     8 ||     8
 Armour: Robe              |     6 |     4 |    10 |    10 ||    30
         Skin              |       |       |    12 |       ||    12
  Dodge: Dodged            |    27 |    18 |    69 |    53 ||   167

Table legend: (Time is in decaauts)
 A = Elapsed time spent in this place.
 B = Non-inter-level travel time spent in this place.
 C = Inter-level travel time spent in this place.
 D = Time resting spent in this place.
 E = Time spent auto-exploring this place.
 F = Levels seen in this place.
 G = Mean time per level.
                   A        B        C        D        E       F      G
               +--------+--------+--------+--------+--------+-----+--------+
         Total |   6015 |   5667 |    348 |      0 |   4143 |  12 |  501.2 |
       Dungeon |   5547 |   5203 |    344 |      0 |   3953 |  10 |  554.7 |
        Temple |     28 |     24 |      4 |      0 |     15 |   1 |   28.0 |
        Bailey |    439 |    439 |      0 |      0 |    174 |   1 |  439.0 |
               +--------+--------+--------+--------+--------+-----+--------+

Top non-repeatable levels by time:
     D:8: 832 daAuts
     D:7: 657 daAuts
     D:4: 650 daAuts
     D:3: 613 daAuts
     D:6: 608 daAuts
     D:2: 574 daAuts
     D:1: 540 daAuts
  Bailey: 439 daAuts
    D:10: 376 daAuts
     D:9: 360 daAuts
     D:5: 333 daAuts
  Temple: 28 daAuts
